 Dungeon Crawl Stone Soup version 0.30-a0-718-geaa24f58ff (webtiles) character file.

Game seed: 3546914164816568126

3 Arximoufas the Trooper (level 1, -11/19 HPs)
             Began as a Barachi Fighter on Jan 25, 2023.
             Mangled by a goblin
             ... wielding a +0 dagger of electrocution
              (16 damage)
             ... on level 1 of the Dungeon.
             The game lasted 00:01:10 (84 turns).

Arximoufas the Trooper (Barachi Fighter)              Turns: 84, Time: 00:01:11

Health: -11/19     AC:  6    Str: 17    XL:     1   Next: 50%
Magic:  1/1        EV:  9    Int:  8    God:
Gold:   0          SH:  4    Dex: 11    Spells: 0/0 levels left

rFire   . . .      SeeInvis .    a - +0 war axe
rCold   . . .      Faith    .    c - +0 buckler
rNeg    . . .      Spirit   .    b - +0 scale mail
rPois   .          Reflect  .    (no helmet)
rElec   .          Harm     .    (no cloak)
rCorr   .          Rampage  .    (no gloves)
Will    .....                    (no boots) Stlth
                                 (no amulet)
HPRegen 0.23/turn                (no ring)
MPRegen 0.07/turn                (no ring)

@: slow
A: amphibious, slowness 1, strong legs 1, +LOS
a: Hop


You were on level 1 of the Dungeon.
You visited 1 branch of the dungeon, and saw 1 of its levels.

Inventory:

Hand Weapons
 a - a +0 war axe (weapon)
Armour
 b - a +0 scale mail (worn)
 c - a +0 buckler (worn)
Potions
 d - a potion of might


   Skills:
 + Level 3.7 Fighting
 * Level 2.4 Axes
 - Level 3.6 Armour
 - Level 3.2 Shields


You couldn't memorise any spells.
You didn't know any spells.
Your spell library was empty.

Dungeon Overview and Level Annotations

Branches:
Dungeon (1/15)

Altars:


Innate Abilities, Weirdness & Mutations

You are amphibious.
You cover ground slowly.
You can hop short distances.
You have an extended range of vision and can be seen from far away.


Message History

The hobgoblin is almost dead.
The hobgoblin barely misses you. x2
You completely miss the hobgoblin.
The hobgoblin is almost dead.
The hobgoblin hits you.
You barely miss the hobgoblin.
The hobgoblin is almost dead.
You block the hobgoblin's attack.
The hobgoblin hits you but does no damage.
You closely miss the hobgoblin.
The hobgoblin is almost dead.
The hobgoblin hits you but does no damage.
You barely miss the hobgoblin.
The hobgoblin is almost dead.
The hobgoblin completely misses you.
A hobgoblin is nearby!
You slash the hobgoblin!
You kill the hobgoblin!
No target in view!
HP restored.
You see here a hobgoblin corpse.
A goblin comes into view.
It is wielding a +0 dagger of electrocution.
Found a stone staircase leading down.
The goblin shouts!
The goblin closely misses you.
The goblin hits you with a +0 dagger of electrocution.
You barely miss the goblin. You block the goblin's attack.
You closely miss the goblin. The goblin hits you but does no damage.
You are electrocuted!
Ouch! That really hurt!
You are too injured to fight recklessly!
You are too injured to fight recklessly!
You closely miss the goblin.
The goblin hits you with a +0 dagger of electrocution.
* * * LOW HITPOINT WARNING * * *
The goblin hits you but does no damage.
You closely miss the goblin. The goblin hits you but does no damage.
You are electrocuted!
Ouch! That really hurt!
You die...

# # # # # #
# #
#.#.#######
#
#.>...g@..#
#
#########.#
## #.# .###
#.# ...#
#.# ...#
#.# #..#
#.# ...#
#.# ##.#
#.#


You could see a goblin.

Vanquished Creatures
  A ball python (D:1)
  A hobgoblin (D:1)
  A bat (D:1)
3 creatures vanquished.

Notes
Turn   | Place    | Note
-------+----------+-------------------------------------------
     0 | D:1      | Arximoufas the Barachi Fighter began the quest for the Orb.
     0 | D:1      | Reached XP level 1. HP: 18/18 MP: 1/1
    84 | D:1      | Mangled by a goblin

Illustrated notes

Levels and vault maps discovered:
D:1:      lemuel_arrival_lava_pool, layout_basic,
          hangedman_decor_clover_reticule, minmay_misc_feat_alley

Action                     || total
---------------------------++-------
  Melee: War axe           ||    17
 Armour: Scale mail        ||     8
  Dodge: Dodged            ||    12
  Block: Buckler           ||     5

Table legend: (Time is in decaauts)
 A = Elapsed time spent in this place.
 B = Non-inter-level travel time spent in this place.
 C = Inter-level travel time spent in this place.
 D = Time resting spent in this place.
 E = Time spent auto-exploring this place.
 F = Levels seen in this place.
 G = Mean time per level.
                   A        B        C        D        E       F      G
               +--------+--------+--------+--------+--------+-----+--------+
         Total |    101 |    101 |      0 |      0 |     64 |   1 |  101.0 |
       Dungeon |    101 |    101 |      0 |      0 |     64 |   1 |  101.0 |
               +--------+--------+--------+--------+--------+-----+--------+

Top non-repeatable levels by time:
     D:1: 101 daAuts
